 Dungeon Crawl Stone Soup version 0.29.0-4-gdea44cf6ec (webtiles) character file.

Game seed: 11330308694036517690

11 qw the Sneak (level 2, -1/23 HPs)
             Began as a Ghoul Enchanter on Sept 6, 2022.
             Slain by a jackal (3 damage)
             ... on level 1 of the Dungeon.
             The game lasted 00:00:16 (673 turns).

qw the Sneak (Ghoul Enchanter)                       Turns: 673, Time: 00:00:17

Health: -1/23      AC:  2    Str: 11    XL:     2   Next: 25%
Magic:  3/3        EV: 12    Int: 10    God:
Gold:   58         SH:  0    Dex:  9    Spells: 4/4 levels left

rFire   . . .      SeeInvis .   a - +0 whip
rCold   + . .      Faith    .   (no shield)
rNeg    + + +      Spirit   .   b - +0 robe
rPois   inf        Reflect  .   (no helmet)
rElec   .          Harm     .   (no cloak)
rCorr   .          Rampage  .   (no gloves)
Will    .....                   (no boots)
Stlth   ++........              (no amulet)
HPRegen 0.00/turn               (no ring)
MPRegen 0.08/turn               (no ring)

@: inhibited regen
A: claws 1, cold resistance 1, negative energy resistance 3, inhibited
regeneration, torment resistance 2, devour on kill
a: no special abilities


You were on level 1 of the Dungeon.
You visited 1 branch of the dungeon, and saw 1 of its levels.

You collected 58 gold pieces.


Innate Abilities, Weirdness & Mutations

You are immune to poison.
You have sharp fingernails.
Your flesh is cold resistant. (rC+)
You are immune to negative energy. (rN+++)
You do not regenerate when monsters are visible.
You are immune to unholy pain and torment.
You thrive by killing the living.


   Skills:
 - Level 1.1 Fighting
 - Level 0.8 Short Blades
 + Level 1.1 Axes
 - Level 1.7 Dodging
 - Level 3.2 Stealth
 - Level 1.7 Spellcasting
 - Level 2.4 Hexes


You had 4 spell levels left.
You didn't know any spells.
Your spell library contained the following spells:

 Spells                   Type           Power      Damage    Failure   Level
 Ensorcelled Hibernation  Hex/Ice        6%         N/A       30%         2
 Confusing Touch          Hex            5%         N/A       34%         3
 Tukima's Dance           Hex            5%         N/A       34%         3
 Dazzling Flash           Conj/Hex       6%         N/A       52%         3

Inventory:

Hand Weapons
 a - a +0 whip (weapon)
Armour
 b - a +0 robe (worn)
 f - a +0 leather armour
 h - a +0 helmet
 k - a +0 scale mail
 l - a +0 chain mail
Jewellery
 g - an amulet of guardian spirit
 i - an amulet of the acrobat
Scrolls
 d - 2 scrolls of noise {unknown}
 e - a scroll of identify {unknown}
Potions
 c - 2 potions of invisibility
 j - a potion of might {unknown}
 m - a potion of magic {unknown}

Dungeon Overview and Level Annotations

Branches:
Dungeon (1/15)

Altars:


Message History

You hit the jackal.
The jackal is heavily wounded.
The jackal closely misses you.
You closely miss the jackal.
The jackal is heavily wounded.
The jackal closely misses you. The jackal bites you.
You barely miss the jackal.
The jackal is heavily wounded.
The jackal misses you. The jackal barely misses you.
The jackal bites you but does no damage.
You hit the jackal.
You kill the jackal!
The jackal bites you. The jackal barely misses you. The jackal bites you.
You closely miss the jackal.
The jackal bites you but does no damage.
The jackal misses you. The jackal bites you.
You miss the jackal.
The jackal barely misses you. x2; The jackal bites you.
You hit the jackal.
The jackal is moderately wounded.
The jackal barely misses you. The jackal closely misses you.
The jackal bites you.
The jackal bites you but does no damage.
The jackal closely misses you.
You barely miss the jackal.
The jackal is moderately wounded.
The jackal bites you. x2; The jackal misses you.
The jackal bites you but does no damage.
You hit the jackal but do no damage.
The jackal is moderately wounded.
The jackal misses you. The jackal bites you. The jackal closely misses you.
The jackal bites you. The jackal barely misses you.
You barely miss the jackal.
The jackal is moderately wounded.
The jackal bites you. The jackal barely misses you. The jackal bites you.
The jackal barely misses you.
You hit the jackal but do no damage.
The jackal is moderately wounded.
The jackal bites you. x2
You die...

... #...# #..........# #.#### ...
#...# #..........#####.# # ###
#...# #..........'.....# #
..####...####..........##########
..'..'...'......>................
..####...######..################
..# #...# #..# ..# #...# #..# ..#
....... #h@# ..#......... +.hh#
.##..........##..# .##..........
#... .# ....h ## ...... ......# .
#....... ..#


You could see 3 jackals.

Vanquished Creatures
  A bat (D:1)
  2 endoplasms (D:1)
  A goblin (D:1)
  A hobgoblin (D:1)
  A jackal (D:1)
  A frilled lizard (D:1)
  2 kobolds (D:1)
9 creatures vanquished.

Notes
Turn   | Place    | Note
-------+----------+-------------------------------------------
     0 | D:1      | qw the Ghoul Enchanter began the quest for the Orb.
     0 | D:1      | Reached XP level 1. HP: 14/14 MP: 2/2
     0 | D:1      | 0 ||| qw: Version: 0.1-a-108-g9e35731
     0 | D:1      | 0 ||| qw: Game counter: 6298
     0 | D:1      | 0 ||| qw: Always use a shield: true
     0 | D:1      | 0 ||| qw: God list: Okawaru
     0 | D:1      | 0 ||| qw: Allow faded altars: false
     0 | D:1      | 0 ||| qw: Do Orc after D:15 true
     0 | D:1      | 0 ||| qw: Do second Lair branch before Depths: true
     0 | D:1      | 0 ||| qw: Lair rune preference: random
     0 | D:1      | 0 ||| qw: Plans: Normal
     0 | D:1      | 0 ||| PLANNING D:1-11
   318 | D:1      | 318 ||| SWAPPING to +0 club.
   319 | D:1      | 319 ||| DROPPING +1 dagger.
   337 | D:1      | Reached skill level 1 in Axes
   343 | D:1      | 343 ||| SWAPPING to +0 whip.
   344 | D:1      | 344 ||| DROPPING +0 club.
   389 | D:1      | Reached XP level 2. HP: 20/22 MP: 3/3
   462 | D:1      | Reached skill level 1 in Fighting
   660 | D:1      | 660 ||| Stepping ~*~*~tactically~*~*~ (stealth).
   671 | D:1      | HP: 5/23 [jackal (1)]
   673 | D:1      | HP: 2/23 [jackal (1)]
   673 | D:1      | Slain by a jackal

Levels and vault maps discovered:
D:1:      minmay_arrival_nine_rooms, layout_basic,
          ebering_ecumenical_altar_petrified

Skill      XL: |  1  2 |
---------------+-------+-----
Axes           | 1 |  1.1
Fighting       | 1 |  1.1
Short Blades   | |  0.8
Dodging        | |  1.7
Stealth        | |  3.2
Spellcasting   | |  1.7
Hexes          | |  2.4

Action                   || total
-------------------------++-------
Melee: Dagger            ||    23
       Whip              ||    27
       Club              ||     6
       Punch             ||     1
Armor: Robe              ||    17
Dodge: Dodged            ||    50

Table legend:
 A = Non-vault XP
 B = Vault XP
 C = Vault XP percentage of total XP
 D = Non-vault monster count
 E = Vault monster count
 F = Vault count percentage of total count
                 A         B        C        D         E       F
            +---------+---------+-------+---------+---------+-------
      Total |      16 |       0 |   0.0 |       9 |       0 |   0.0
            +---------+---------+-------+---------+---------+-------
        D:1 |      16 |       0 |   0.0 |       9 |       0 |   0.0
            +---------+---------+-------+---------+---------+-------
